Map: Ephemeron LE

Players

Reynor - Winner!

  • Race: Zerg Zerg
  • Spawn Location: 5:00

Zest

  • Race: Protoss Protoss
  • Spawn Location: 11:00

VOD

Have the link to the VOD?

Description

Time

  • Played on: Jan. 7, 2020, 7:27 p.m.
  • Length: 16:31
Show
View Real Time Build Order
Export as new Build Order

Reynor Zerg - Winner!

Build Orders: Hatch First 

Get SALT Encoding   

  12  0:00  Drone  
  13  0:12  Overlord  
  13  0:17  Drone  
  14  0:31  Drone x2  
  16  0:47  Hatchery  
  15  0:51  Drone  
  15  0:55  Drone  
  17  0:58  Drone  
  18  1:08  Extractor  
  17  1:15  Spawning Pool  
  18  1:18  Drone  
  18  1:28  Drone  
  18  1:30  Extractor, Drone  
  19  1:40  Drone  
  20  1:51  Drone  
  21  2:01  Queen x2  
  21  2:02  Zergling x2  
  21  2:07  Overlord  
  26  2:10  Zergling x2  
  26  2:14  Drone  
  28  2:25  Drone x2  
  30  2:34  Metabolic Boost  
  30  2:43  Hatchery  
  29  2:46  Drone  
  29  2:48  Drone  
  31  2:52  Drone  
  31  2:56  Overlord  
  33  2:58  Zergling x2  
  33  3:02  Drone  
  34  3:08  Queen  
  36  3:15  Drone x4  
  36  3:19  Overlord  
  40  3:23  Drone  
  40  3:24  Drone  
  40  3:26  Drone  
  43  3:32  Drone  
  44  3:36  Overlord  
  44  3:39  Spore Crawler  
  43  3:42  Drone  
  43  3:46  Spore Crawler  
  43  3:49  Zergling x2  
  43  3:54  Queen  
  43  3:55  Zergling x10  
  51  3:57  Drone x2  
  53  4:03  Queen  
  53  4:07  Drone x2  
  57  4:11  Drone  
  57  4:14  Overlord  
  57  4:15  Drone  
  58  4:20  Drone  
  58  4:22  Drone  
  58  4:29  Overlord  
  58  4:33  Drone x3  
  58  4:34  Drone x3  
  58  4:37  Roach Warren  
  63  4:39  Drone x2  
  63  4:44  Drone  
  66  4:46  Extractor  
  66  4:47  Extractor, Drone  
  66  4:48  Drone x2  
  66  4:49  Drone  
  66  4:50  Drone  
  68  4:57  Lair  
  68  4:58  Drone  
  69  5:00  Drone x2  
  69  5:05  Overlord  
  71  5:14  Spore Crawler, Evolution Chamber  
  71  5:16  Drone x4  
  73  5:21  Overlord  
  73  5:23  Queen  
  75  5:32  Overlord  
  75  5:36  Roach x3  
  75  5:38  Overlord  
  75  5:42  Queen  
  81  5:46  Zerg Melee Weapons Level 1, Overlord  
  81  5:50  Overlord  
  81  5:54  Drone x8  
  81  5:55  Spore Crawler, Drone  
  89  5:57  Drone  
  89  6:01  Spore Crawler  
  89  6:03  Queen  
  89  6:07  Drone x5  
  94  6:11  Overlord  
  94  6:14  Drone x2  
  94  6:15  Extractor, Drone  
  94  6:16  Drone  
  94  6:17  Drone x2  
  97  6:18  Overlord  
  97  6:21  Queen  
  97  6:23  Drone  
  98  6:26  Spore Crawler  
  98  6:29  Drone x2  
  98  6:32  Spore Crawler, Extractor, Zergling x4  
  95  6:33  Zergling x2, Extractor  
  95  6:35  Zergling x2  
  95  6:37  Glial Reconstitution, Spore Crawler  
  95  6:40  Zergling x4  
  97  6:47  Zergling x4  
  97  6:48  Zergling x4  
  97  6:51  Roach  
  103  6:54  Overlord  
  103  6:56  Roach  
  103  6:58  Pneumatized Carapace  
  103  6:59  Overlord  
  103  7:00  Zergling x4  
  106  7:03  Drone  
  106  7:05  Drone  
  106  7:07  Drone  
  107  7:11  Hatchery  
  106  7:16  Drone x3  
  106  7:17  Drone  
  106  7:18  Drone x2  
  106  7:22  Roach x3  
  118  7:24  Baneling Nest  
  118  7:25  Roach  
  118  7:28  Zergling x2, Roach x2  
  121  7:31  Roach x2  
  125  7:38  Drone, Infestation Pit  
  125  7:41  Zerg Melee Weapons Level 2  
  125  7:42  Overseer  
  125  7:43  Overlord  
  125  7:46  Zergling x6, Roach  
  125  7:49  Overseer  
  125  7:50  Overlord  
  130  7:54  Roach x4  
  130  7:57  Zergling x6  
  130  7:58  Zergling x2  
  138  8:05  Zergling x2  
  138  8:08  Zergling x4  
  140  8:13  Centrifical Hooks  
  140  8:16  Zergling x10  
  140  8:18  Ravager  
  140  8:19  Ravager x3  
  149  8:20  Baneling x11  
  149  8:21  Zergling x2  
  149  8:22  Zergling x6  
  149  8:26  Zergling x2, Hive  
  154  8:27  Zergling x2  
  154  8:33  Zergling x8  
  159  8:38  Baneling x6  
  157  8:43  Drone x3  
  157  8:44  Spore Crawler  
  157  8:48  Baneling x8  
  159  8:50  Overlord  
  159  8:53  Overlord  
  159  9:01  Baneling x9  
  158  9:06  Zergling x6  
  160  9:12  Zergling x16  
  160  9:13  Zergling x2  
  160  9:16  Roach  
  160  9:17  Zergling x6, Roach  
  165  9:23  Overlord  
  147  9:25  Zergling x6, Roach x2  
  147  9:27  Queen  
  147  9:30  Roach  
  146  9:31  Roach  
  146  9:35  Roach x2  
  142  9:38  Zergling x2, Roach x2  
  142  9:39  Zergling x2  
  142  9:40  Queen  
  142  9:42  Roach  
  142  9:46  Roach  
  142  9:48  Queen  
  141  9:55  Zergling x2, Roach x2  
  144  10:02  Zergling x6  
  144  10:06  Roach x2  
  137  10:10  Roach  
  131  10:14  Roach x2  
  131  10:17  Queen  
  131  10:18  Roach  
  131  10:19  Ravager  
  131  10:20  Roach  
  135  10:24  Roach  
  137  10:34  Zergling x2  
  137  10:35  Zergling x6  
  141  10:37  Ravager x3  
  141  10:38  Drone x2  
  141  10:39  Zerg Melee Weapons Level 3  
  146  10:47  Overlord  
  146  10:48  Overlord x2  
  146  10:56  Adrenal Glands  
  145  11:00  Overlord  
  145  11:10  Baneling x8  
  145  11:12  Drone x2  
  145  11:17  Drone x4  
  145  11:18  Drone x2  
  153  11:19  Drone x2  
  153  11:22  Zergling x20  
  165  11:28  Zergling x2  
  165  11:31  Drone  
  165  11:32  Ravager  
  168  11:34  Overlord x2  
  168  11:39  Hatchery  
  167  11:43  Overlord  
  167  11:47  Queen  
  167  11:48  Spire  
  168  11:54  Zergling x2  
  168  11:55  Zergling x26  
  182  12:03  Ravager x2  
  182  12:07  Zergling x8  
  186  12:09  Baneling x8  
  186  12:12  Baneling x10  
  186  12:16  Drone x5  
  186  12:17  Drone  
  186  12:20  Extractor, Baneling x2  
  186  12:21  Baneling x4  
  191  12:24  Overlord  
  191  12:27  Baneling x2  
  191  12:31  Zergling x2  
  191  12:32  Overlord  
  191  12:42  Zergling x2  
  191  12:43  Zergling x2  
  193  12:46  Baneling x6  
  193  12:48  Zergling x14  
  200  12:53  Zergling x2  
  200  12:54  Zergling x6  
  196  13:05  Zergling x18, Roach x2  
  190  13:09  Zergling x8  
  190  13:10  Zergling x4  
  193  13:16  Zergling x4, Roach  
  193  13:17  Zergling x2  
  182  13:20  Zergling x2  
  182  13:21  Zergling x2  
  154  13:28  Zergling x8, Roach  
  154  13:31  Zergling x2, Roach x2  
  154  13:32  Roach x2  
  146  13:34  Roach  
  146  13:35  Zergling x2, Roach  
  146  13:36  Roach  
  137  13:41  Zergling x4, Roach x2  
  137  13:43  Roach  
  137  13:46  Roach  
  137  13:48  Roach  
  133  13:49  Ravager  
  133  13:53  Zergling x4, Roach x2  
  133  13:54  Ravager x2  
  131  13:57  Zergling x4  
  131  14:05  Spawning Pool  
  131  14:06  Greater Spire  
  129  14:16  Drone x2  
  128  14:26  Corruptor x4  
  128  14:28  Corruptor  
  138  14:31  Corruptor  
  138  14:32  Hatchery  
  138  14:38  Ravager x2  
  139  14:43  Drone  
  139  14:44  Drone x2  
  142  15:00  Zergling x14  
  142  15:01  Zergling x14  
  142  15:03  Baneling x2  
  142  15:04  Baneling x3  
  156  15:16  Drone x2  
  156  15:17  Zergling x2, Extractor  
  156  15:18  Zergling x8  
  162  15:22  Brood Lord x2  
  162  15:23  Brood Lord x2  
  162  15:27  Brood Lord  
  172  15:35  Brood Lord  
  173  15:40  Corruptor  
  175  15:43  Drone  
  175  15:44  Drone x6  
  175  15:47  Queen  
  184  15:51  Baneling x3  
  184  15:56  Corruptor  
  186  15:59  Overlord  
Show
View Real Time Build Order
Export as new Build Order

Zest Protoss 

Build Orders: 1 Gate Expand, Oracle Opening, Phoenix Opening, Zealot Archon 

Get SALT Encoding   

  12  0:00  Probe  
  13  0:13  Probe  
  14  0:18  Pylon  
  14  0:25  Probe (Chrono Boost)  
  15  0:37  Probe (Chrono Boost)  
  15  0:38  Gateway  
  16  0:44  Probe (Chrono Boost)  
  16  0:47  Assimilator  
  17  0:51  Probe  
  18  1:03  Probe  
  19  1:09  Pylon  
  19  1:15  Probe  
  20  1:27  Nexus  
  20  1:37  Cybernetics Core  
  20  1:40  Probe  
  20  1:46  Assimilator  
  21  1:52  Probe  
  22  1:56  Pylon  
  22  2:05  Probe  
  23  2:11  Adept (Chrono Boost)  
  25  2:16  Stargate  
  25  2:19  Probe  
  26  2:26  Warp Gate  
  26  2:33  Probe (Chrono Boost), Adept  
  29  2:39  Probe (Chrono Boost)  
  31  2:48  Probe x2 (Chrono Boost)  
  32  2:54  Probe (Chrono Boost)  
  32  2:55  Probe  
  34  2:58  Phoenix (Chrono Boost)  
  36  3:06  Probe  
  36  3:07  Probe  
  36  3:10  Pylon  
  38  3:14  Oracle (Chrono Boost)  
  38  3:18  Probe  
  43  3:20  Probe  
  43  3:26  Assimilator  
  43  3:28  Assimilator  
  43  3:33  Probe, Gateway  
  44  3:35  Probe  
  45  3:44  Stargate  
  45  3:45  Probe  
  45  3:47  Probe  
  47  3:50  Pylon  
  47  3:57  Probe  
  47  3:59  Probe, Phoenix  
  52  4:10  Probe  
  52  4:11  Probe  
  52  4:15  Pylon  
  53  4:26  Probe  
  53  4:27  Probe, Phoenix x2 (Chrono Boost)  
  59  4:38  Probe, Zealot  
  61  4:39  Probe  
  61  4:43  Phoenix x2  
  67  4:46  Zealot  
  67  4:50  Pylon  
  69  5:03  Nexus  
  69  5:06  Pylon  
  69  5:08  Probe x2  
  69  5:11  Shield Battery  
  69  5:13  Sentry  
  73  5:20  Probe x2 (Chrono Boost)  
  73  5:21  Sentry  
  77  5:25  Pylon  
  77  5:31  Probe (Chrono Boost)  
  77  5:32  Probe (Chrono Boost)  
  79  5:36  Probe x2 (Chrono Boost)  
  79  5:37  Robotics Facility  
  79  5:40  Robotics Facility  
  81  5:46  Probe  
  83  5:50  Probe  
  83  5:58  Probe, Twilight Council  
  83  5:59  Forge  
  83  6:02  Probe  
  85  6:10  Probe  
  86  6:14  Probe  
  87  6:20  Probe  
  87  6:21  Assimilator  
  87  6:22  Probe  
  89  6:26  Probe, Assimilator  
  89  6:32  Probe, Protoss Ground Weapons Level 1 (Chrono Boost)  
  90  6:35  Probe  
  90  6:38  Probe, Gateway x2  
  92  6:40  Observer x2  
  92  6:41  Gateway  
  92  6:42  Charge (Chrono Boost)  
  92  6:43  Gateway  
  92  6:44  Probe  
  92  6:45  Gateway  
  95  6:48  Templar Archives  
  95  6:51  Pylon  
  95  6:59  Gateway x2  
  95  7:02  Gateway, Immortal (Chrono Boost)  
  95  7:07  Immortal (Chrono Boost)  
  101  7:16  Pylon  
  101  7:21  Photon Cannon  
  101  7:28  Observer  
  101  7:31  High Templar  
  101  7:32  High Templar  
  101  7:34  Warp Prism (Chrono Boost)  
  101  7:35  Archon  
  107  7:38  High Templar x4, Warp Prism (Chrono Boost)  
  107  7:42  Pylon  
  107  7:43  Archon x2  
  107  7:44  Pylon  
  117  8:03  High Templar x2, Zealot x2  
  117  8:04  Zealot x2  
  129  8:07  Pylon  
  129  8:09  Archon, Pylon  
  129  8:10  Pylon  
  129  8:11  Observer  
  129  8:12  Pylon  
  129  8:14  Pylon  
  129  8:16  Observer  
  129  8:17  High Templar x2, Zealot  
  129  8:18  Zealot  
  137  8:20  Photon Cannon  
  137  8:22  Archon  
  137  8:27  Protoss Shields Level 1 (Chrono Boost), Pylon  
  137  8:47  High Templar x2, Zealot x6  
  153  8:51  Archon  
  153  8:53  Zealot x2  
  157  8:57  Pylon  
  157  8:58  Blink  
  157  8:59  Pylon  
  157  9:09  Zealot x2  
  156  9:11  Zealot x4  
  125  9:24  Zealot x4  
  108  9:36  Zealot x5  
  103  9:43  Zealot  
  86  10:01  Zealot x7  
  63  10:22  Immortal x2 (Chrono Boost)  
  63  10:32  High Templar x6  
  63  10:34  Probe (Chrono Boost)  
  63  10:35  Probe (Chrono Boost)  
  77  10:38  Archon x3  
  77  10:44  Probe (Chrono Boost)  
  77  10:45  Observer  
  77  10:46  Probe (Chrono Boost)  
  77  10:47  Probe (Chrono Boost)  
  80  10:51  Probe (Chrono Boost)  
  80  10:52  Probe (Chrono Boost)  
  80  10:57  Probe x2  
  82  11:01  Probe  
  85  11:04  Protoss Ground Weapons Level 2 (Chrono Boost)  
  85  11:09  Probe  
  86  11:16  Pylon  
  86  11:21  Immortal  
  86  11:23  Immortal  
  94  11:29  Probe x2  
  94  11:30  Probe  
  97  11:41  Probe  
  97  11:42  Probe  
  97  11:44  Probe  
  100  11:47  Observer  
  100  11:49  High Templar x4  
  100  11:50  Zealot x4  
  116  11:57  Archon x2  
  116  12:07  Observer x2  
  118  12:12  Zealot x4  
  118  12:15  High Templar x2  
  130  12:17  Observer  
  130  12:19  Archon  
  130  12:42  High Templar x2  
  134  12:48  Zealot x7  
  148  12:55  Archon  
  120  13:09  Zealot x2  
  123  13:15  Zealot x8  
  95  13:35  Zealot x8  
  71  13:54  Observer  
  65  13:59  High Templar x8  
  65  14:01  Probe x3  
  78  14:03  Archon x3  
  78  14:04  Archon  
  74  14:13  Probe  
  69  14:18  High Templar  
  75  14:28  High Templar  
  73  14:32  Archon  
  73  14:34  Zealot x5  
  83  14:42  Zealot  
  83  14:44  Warp Prism (Chrono Boost)  
  87  15:05  High Templar x2  
  91  15:08  High Templar  
  91  15:09  High Templar, Zealot x3  
  91  15:11  Archon  
  91  15:12  Archon  
  91  15:14  Observer  
  99  15:43  High Templar x2, Zealot x6  
  99  15:44  Zealot  
  99  15:49  Archon  
  82  16:22  Zealot x8  
Tags
 
Add a new tag
Caveats
  • Supply blocks, unpowered buildings, or Contaminate may cause inaccurate times.
  • Supply counts are checked every 10 seconds.